 Dungeon Crawl Stone Soup version 0.27.0-1-g7a089689b8 (webtiles) character file.

Game seed: 12499060450895755015

75 dolemite99 the Chopper (level 4, -2/35 HPs)
             Began as a Demonspawn Fighter on Aug 9, 2021.
             Was a Plaything of Xom.
             Killed from afar by an orc wizard (13 damage)
             ... with a puff of flame
             ... on level 3 of the Dungeon.
             The game lasted 00:02:39 (3458 turns).

dolemite99 the Chopper (Demonspawn Fighter)         Turns: 3458, Time: 00:02:39

Health: -2/35      AC:  8    Str: 21 (24) XL:     4   Next: 11%
Magic:  4/4        EV:  5    Int:  4 (7)  God:    Xom [...*..]
Gold:   106        SH:  9    Dex: 10 (12) Spells: 3/3 levels left

rFire    . . .     SeeInvis .   a - +0 war axe
rCold    . . .     Faith    .   c - +0 kite shield
rNeg     . . .     Spirit   .   p - +0 chain mail
rPois    .         Reflect  .   (helmet restricted)
rElec    .         Harm     .   (no cloak)
rCorr    .         Rampage  .   (no gloves)
Will     +....                  (no boots)
Stlth    ..........             (no amulet)
HPRegen  0.11/turn              g - +6 ring of strength
MPRegen  0.09/turn              (no ring)

@: no status effects
A: antennae 1, powered by pain 1, dopey 1, strong-willed 1
a: Renounce Religion


You were on level 3 of the Dungeon.
You worshipped Xom.
You were a favourite toy of Xom.
You visited 1 branch of the dungeon, and saw 3 of its levels.

You collected 106 gold pieces.

Inventory:

Hand Weapons
 a - a +0 war axe (weapon)
 q - a +0 hunting sling
Missiles
 f - 17 arrows
 i - 41 bolts
 r - 29 stones (quivered)
Armour
 b - a +0 scale mail
 c - a +0 kite shield (worn)
 p - a +0 chain mail (worn)
Jewellery
 g - a +6 ring of strength (left hand)
 j - a ring of willpower
Scrolls
 e - 3 scrolls of identify {unknown}
 k - 2 scrolls of teleportation {unknown}
 l - a scroll of noise
 m - a scroll of holy word {unknown}
Potions
 d - 2 potions of might


   Skills:
 - Level 3.0 Fighting
 + Level 4.0 Axes
 - Level 2.6 Armour
 - Level 2.6 Shields


You had 3 spell levels left.
You didn't know any spells.
Your spell library was empty.

Dungeon Overview and Level Annotations

Branches:
Dungeon (3/15)

Altars:
Hepliaklqana
Wu Jian
Xom


Innate Abilities, Weirdness & Mutations

You have a pair of small antennae on your head.
You sometimes gain a little power by taking damage.
You are dopey. (Int -2)
You are strong-willed. (Will+)


Message History

The orc wizard hits you with a +0 dagger.
The orc hits you from afar with a +0 trident.
The orc wizard hits you but does no damage.
You closely miss the orc wizard.
The orc wizard is moderately wounded.
The orc hits you from afar with a +0 trident!
* * * LOW HITPOINT WARNING * * *
You block the orc wizard's attack. The orc hits you but does no damage.
You are too injured to fight recklessly!
You hit the orc wizard.
The orc wizard is heavily wounded.
The orc wizard hits you but does no damage.
You block the orc's attack. You block the orc wizard's attack.
You are too injured to fight recklessly!
You are too injured to fight recklessly!
Okay, then.
Unknown command.
The orc wizard gestures wildly while chanting.
The orc wizard flickers and vanishes!
You are too injured to fight recklessly!
You block the orc's attack.
You slash the orc!
You kill the orc!
Your shield and chain mail prevent you from hitting something.
Something hits you but does no damage. x2
You are too injured to fight recklessly!
Your shield prevents you from hitting something.
An orc wizard appears from thin air!
Reactivating autopickup.
Something hits you but does no damage.
Deactivating autopickup; reactivate with Ctrl-A.
The orc wizard casts a spell at you.
The magic dart hits something.
You miss something.
You are now a favourite toy of Xom.
You hear some strange, mumbled words.
A puff of flame appears from out of thin air!
The puff of flame hits you!
You die...
Xom titters!

.# ###... . .#
#..) .. ##.
########... ..##
#.. ..)........
...#.# ###
######..##
#.#.####### #..
##..# #...o.)o..#
#># #...#
###.#####.#####.#
#..## #.#
#.{@.##.# #.##
#o# ####..#.####
#.# #(#
##......####.####
o.#
##..............
o##
########...##..
#( .........# #.
...#..#..### ..
###..###... ###
####


You could see an orc wizard.

Vanquished Creatures
  An adder (D:2)
  A worm (D:2)
  A dart slug (D:3)
  An orc (D:3)
  7 ball pythons
  9 endoplasms
  A giant cockroach (D:2)
  5 goblins
  6 hobgoblins
  3 jackals (D:1)
  2 quokkas
  4 bats
  A frilled lizard (D:1)
  6 kobolds
  5 rats
53 creatures vanquished.

Notes
Turn   | Place    | Note
-------+----------+-------------------------------------------
     0 | D:1      | dolemite99 the Demonspawn Fighter began the quest for the
                  | Orb.
     0 | D:1      | Reached XP level 1. HP: 18/18 MP: 1/1
    27 | D:1      | Reached skill level 2 in Axes
   363 | D:1      | Gained mutation: You have a pair of small antennae on your
                  | head. [demonic ancestry]
   363 | D:1      | Reached XP level 2. HP: 24/24 MP: 2/2
  1185 | D:1      | Reached skill level 3 in Axes
  1444 | D:1      | Gained mutation: You sometimes gain a little power by
                  | taking damage. [demonic ancestry]
  1444 | D:1      | Reached XP level 3. HP: 28/29 MP: 3/3
  1567 | D:1      | Found a faded altar of an unknown god.
  1723 | D:1      | Became a worshipper of Xom of Chaos
  1760 | D:2      | Found an ornate altar of the Wu Jian Council.
  1852 | D:2      | XOM: silly message
  1966 | D:2      | XOM: god gift: scroll labelled LOUN RESTARRO {god gift}
  2071 | D:2      | XOM: cloud trail
  2077 | D:2      | XOM: smoke on damage
  2544 | D:2      | XOM: noise
  2859 | D:3      | Found a faded altar of an unknown god.
  2859 | D:3      | Found a faded altar of an unknown god.
  2859 | D:3      | Found a faded altar of an unknown god.
  2859 | D:3      | Found a hazy altar of Hepliaklqana.
  2871 | D:3      | Found a faded altar of an unknown god.
  2904 | D:3      | XOM: give mutations
  2904 | D:3      | Gained mutation: You are strong-willed. (Will+) [Xom's
                  | grace]
  2904 | D:3      | Gained mutation: You are robust. (+10% HP) [Xom's grace]
  3003 | D:3      | XOM: chaos upgrade
  3004 | D:3      | XOM: butterfly on damage
  3011 | D:3      | HP: 1/30 [poisoned by a kobold]
  3199 | D:3      | XOM: noise
  3255 | D:3      | XOM: give mutations
  3255 | D:3      | Gained mutation: You are dopey. (Int -2) [Xom's mischief]
  3255 | D:3      | Lost mutation: You are robust. (+10% HP) [Xom's mischief]
  3383 | D:3      | Reached XP level 4. HP: 35/35 MP: 4/4
  3406 | D:3      | Reached skill level 4 in Axes
  3458 | D:3      | Killed from afar by an orc wizard

Illustrated notes

Levels and vault maps discovered:
D:1:      psy_arrival_terrarium, layout_loops_corners,
          ebering_ecumenical_altar_box
D:2:      layout_basic, basic_altar, chequers_serial_rivers_room_a
D:3:      layout_rooms, nicolae_hepliaklqana_ecumenical_no_more

Skill      XL: |  1  2  3  4 |
---------------+-------------+-----
Axes           | 2 3 4 |  4.0
Fighting       | |  3.0
Armour         | |  2.6
Shields        | |  2.6

Action                   |  1- 3 |  4- 6 || total
-------------------------+-------+-------++-------
Melee: War axe           |   147 |    14 ||   161
Throw: Stone             |    24 |     5 ||    29
  Use: Potion            |     3 |       ||     3
       Scroll            |     1 |       ||     1
Armor: Scale mail        |    67 |       ||    67
       Chain mail        |    37 |     9 ||    46
Dodge: Dodged            |    33 |     1 ||    34
Block: Kite shield       |    84 |     9 ||    93
